Description

This Strategy performs best vs Stargate Openers. Otherwise I suggest a Zergling Ravager into Ling Bane Ravager Playstyle.

The Build kickstarts its economy early on with a fast but safe 3 Hatch Opener. It then follows it up with a Spore Queen Defense versus the Stargate play while mining as little Gas as possible to maximize mineral Income.

We then follow it up with a quick +1 melee into a Lair and Baneling Nest to increase the Strength of our midgame Ling Bane Hydra timing.

Once the Lair is done. The Build finalizies the saturation of all mineral lines, takes a 4th and a macro hatch and prepares for a big hydralisk push.

Once the push left our base we reinforce with lings and banelings as they travel fast across the map than Hydralisks.

VOD

https://youtu.be/_p2vcC-VEuE

Replay - Izanagi v Railgan - Cactus Valley LE (Void)

Build Order

Get SALT Encoding   

  12  0:01  Drone  
  13  0:13  Overlord  
  13  0:18  Drone  
  14  0:31  Drone x3  
  17  0:45  Drone  
  18  0:58  Hatchery  
  18  1:02  Drone  
  18  1:06  Extractor  
  17  1:18  Drone x2  
  17  1:21  Spawning Pool  
  18  1:33  Drone  
  19  1:43  Overlord  
  20  2:07  Queen x2  
  22  2:08  Zergling x4  
  27  2:18  Metabolic Boost  Stop mining Gas until 3:30
  31  2:44  Hatchery  
  30  2:47  Queen  
  32  2:52  Overlord  
  33  3:03  Overlord  
  43  3:42  Spore Crawler x2  for Safety vs Oracles / Phoenix
  43  3:48  Overlord  
  44  3:55  Evolution Chamber  for +1 Melee before Lair
  43  3:58  Queen  
  48  4:09  Zergling x8, Spore Crawler  
  52  4:19  Extractor x2  Additional gas once at we are approaching Mineral Saturation
  59  4:38  Zerg Melee Weapons Level 1  
  62  4:55  Zergling x8  
  62  4:56  Baneling Nest  In time vs Adept follow ups
  65  5:02  Lair  
  72  5:20  Queen  
  78  5:30  Queen  
  89  5:44  Extractor  
  91  6:16  Extractor  
  91  6:18  Centrifical Hooks  As soon as Lair is done
  95  6:21  Hydralisk Den  
  97  6:25  Hatchery  
  97  6:27  Extractor  
  97  6:34  Baneling x10  
  97  6:38  Spore Crawler  
  103  7:03  Muscular Augments  As soon as Hydraden is done
  103  7:09  Hatchery, Hydralisk x6  
  114  7:21  Pneumatized Carapace, Overseer  
  114  7:23  Hydralisk x2  
  118  7:42  Hydralisk x2  
Spawning Tool Build Advisor. Get it on Overwolf

Analysis

  • @3:30 and 32 drones on the minerals we start mining Gas again
  • Spores done at 3:40
  • 3rd Hatchery finished around 3:50
  • 3 Hatch Saturation was reached around 5:50 (66 Drone)
  • Protoss finished their 3rd around 6:10
  • Protoss had 9 Adepts ready to attack at 6:15
  • Macro Hatch + 5th Done at 8:20

Go to:

Details

  • Created by: railgan      
  • Published on: Apr 25, 2017
  • Modified on: May 07, 2017
  • Patch: 3.8.0
Show
View Real Time Build Order
Export as new Build Order

Comments (0)

There are no comments. Be the first!

Create an account to comment!